 Dungeon Crawl Stone Soup version bcrawl-1.28.1b (webtiles) character file.

Game seed: 11005199354517543690

543023 Morbidden the Eclecticist (level 13, 0/107 HPs)
             Began as a Djinni Air Elementalist on Dec 22, 2020.
             Was the Champion of Cheibriados.
             Slain by a hippogriff (1 damage)
             ... on level 3 of the Lair of Beasts.
             The game lasted 00:27:19 (11739 turns).

Morbidden the Eclecticist (DjAE)                   Turns: 11739, Time: 00:27:20

Health: 0/107      AC: 14    Str: 34    XL:     13   Next: 16%
Magic:  55/67      EV: 13    Int: 44    God:    Cheibriados [******]
Gold:   1097       SH: 11    Dex: 26    Spells: 31/44 levels left

rFire    + . .     SeeInvis .   j - +0 hunting sling "Fuseci" {venom, MP+9}
rCold    . . .     Gourm    .   B - +0 medium shield
rNeg     . . .     Faith    .   q - +3 ring mail {rPois}
rPois    +         Spirit   .   x - +3 hat of Pondering {ponderous, MR+ MP+10 Int+5}
rElec    .         Reflect  .   h - scarf {clouds}
rCorr    .         Harm     .   E - +0 pair of gloves
MR       ++...     Rnd*Rage +   (boots unavailable)
Stlth    ++........             p - amulet of magic regeneration
HPRegen  0.27/turn              k - ring of magical power
MPRegen  0.65/turn              f - +7 ring of strength

@: flying, very slow
A: never pass out, antennae 1, thin metallic scales 1, berserk 2, blink, blurry
vision 2, clever 1, fire resistance 1, high mp 2, wild magic 3, disrupted magic
1, MP-powered wands, floating
a: Blink, Bend Time, Temporal Distortion, Slouch, Step From Time, Renounce
Religion, Evoke Fog


You were on level 3 of the Lair of Beasts.
You worshipped Cheibriados.
Cheibriados was exalted by your worship.
You were hungry.

You visited 3 branches of the dungeon, and saw 14 of its levels.
You also visited: Sewer.

You collected 1097 gold pieces.

Inventory:

Hand Weapons
 j - the +0 hunting sling "Fuseci" (weapon) {venom, MP+9}
   (You found it on level 4 of the Dungeon)

   It poisons the ammo it fires.
   It affects your magic capacity (+9).
Missiles
 d - 6 throwing nets {=f}
 t - 815 sling bullets (quivered)
Armour
 h - a scarf of clouds (worn)
 q - a +3 ring mail of poison resistance (worn)
 x - the +3 hat of Pondering (worn) {ponderous, MR+ MP+10 Int+5}
   (You took it off Gastronok on level 10 of the Dungeon)

   It affects your intelligence (+5).
   It affects your resistance to hostile enchantments.
   It affects your magic capacity (+10).
 B - a +0 medium shield (worn)
 E - a +0 pair of gloves (worn)
Jewellery
 f - a +7 ring of strength (right hand)
 k - a ring of magical power (left hand)
 p - an amulet of magic regeneration (around neck)
Wands
 i - a wand of clouds (13)
 o - a wand of iceblast (14)
 z - a wand of random effects (4)
 C - a wand of flame (40)
 F - a wand of acid (4)
Scrolls
 a - a scroll of blinking
 n - 2 scrolls of enchant armour
 v - 3 scrolls of fog
 w - 2 scrolls of identify
 y - 2 scrolls of remove curse
 H - a scroll of teleportation
Potions
 c - 2 potions of flight
 g - 4 potions of curing
 l - a potion of degeneration
 m - 3 potions of heal wounds
 r - 2 potions of lignification
 s - 3 potions of brilliance
 u - 2 potions of resistance {unknown}
 A - a potion of agility {unknown}
 D - a potion of might {unknown}
 G - 2 potions of ambrosia {unknown}
Comestibles
 e - 13 rations {!d}


   Skills:
 * Level 7.6 Fighting
 + Level 4.9 Slings
 * Level 2.9 Armour
 * Level 7.1 Dodging
 + Level 2.0 Stealth
 * Level 0.8 Shields
 * Level 16.1 Spellcasting
 * Level 8.6 Conjurations
 * Level 13.6 Air Magic
 * Level 4.0 Invocations
 + Level 0.7 Evocations


You had 31 spell levels left.
You knew the following spells:

 Your Spells              Type           Power        Failure   Level  Hunger
a - Airstrike             Air            ########..   12%         4    None
b - Static Discharge      Air            ########     7%          3    None
c - Shock                 Conj/Air       #####        7%          1    None
d - Lightning Bolt        Conj/Air       ########..   36%         5    None

Your spell library contained the following spells:

 Spells                   Type           Power        Failure   Level  Hunger
 Swiftness                Chrm/Air       ########     19%         2    None
 Stone Arrow              Conj/Erth      ######       50%         3    None
 Corona                   Hex            ######.      67%         1    None
 Sandblast                Erth           ######       67%         1    None
 Passwall                 Tmut/Erth      ######..     78%         2    None
 Shackle                  Hex            ######..     78%         2    None
 Fulminant Prism          Conj/Hex       #######...   82%         4    None
 False Image              Hex/Summ       ######..     92%         3    None
 Inner Flame              Hex/Fire       N/A          92%         3    None
 Iskenderun's Battlesphe  Conj/Chrm      #######.     98%         5    None
 Cause Fear               Hex            ######....   99%         4    None
 Petrify                  Tmut/Erth      ######....   99%         4    None
 Yara's Violent Unravell  Hex/Tmut       ######....   99%         4    None
 Lee's Rapid Deconstruct  Erth           ######....   100%        5    None
 Iron Shot                Conj/Erth      #######...   100%        6    ##.....
 Poison Arrow             Conj/Pois      #######...   100%        6    ##.....
 Orb of Destruction       Conj           ########..   100%        7    ####...
 Spellforged Servitor     Conj/Summ      #######...   100%        7    ####...


Dungeon Overview and Level Annotations

Branches:
Dungeon (10/12)            Temple (1/1) D:5            Lair (3/6) D:7
  Swamp (0/3) Lair:3       Spider (0/3) Lair:2          Orc (0/1) D:10

Altars:
Ashenzari
Cheibriados
Elyvilon
Fedhas
Gozag
Lugonu
Makhleb
Okawaru
Trog
Vehumet
Wu Jian
Xom

Shops:
D:7 :

Annotations:
D:6 2 transporters, harry2680's ghost, novice OpIE


Innate Abilities, Weirdness & Mutations

You never pass out after going berserk.
You often lose your temper in combat.
You can translocate small distances at will.
Scrolls take you longer to read.
Your flesh is heat resistant. (rF+)
You have a considerably increased reservoir of magic. (+20% MP)
Your spells are much harder to cast, but much more powerful.
Your casting is slightly disrupted.
You expend magic power (3 MP) to strengthen your wands.
Your body floats in the air.
You have a pair of small antennae on your head.
You are partially covered in thin metallic scales. (AC +2)
Your mind is acute. (Int +2)


Message History

No path to travel!
No path to travel!
No path to travel!
No path to travel!
No path to travel!
Your blurry vision makes reading the scroll take longer!
You block the yak's attack. The yak gores you!
* * * LOW HITPOINT WARNING * * *
You block the yak's attack.
The hippogriff bites you but does no damage.
The hippogriff barely misses you. The hippogriff claws you!
* * * LOW HITPOINT WARNING * * *
You begin reading the scroll.
You continue reading the scroll.
The yak gores you.
* * * LOW HITPOINT WARNING * * *
The yak barely misses you. The yak closely misses you.
The hippogriff closely misses you.
The hippogriff pecks you but does no damage.
The hippogriff claws you.
You die...

###.[.######.#
###P.#....^....#
##P..............
#..............>.
##................
..........<.......
..................
......HY..........
......Y@†.........
......Y†..........
..................
.........§§§§....#
#.......§§§§§....#
.#......§.§.§..#.
#.......§§.###
##.#.....§.§


You could see a hippogriff and 3 yaks.

Vanquished Creatures
  Gastronok (D:10)
  Harold (Lair:2)
  2 hydras
  A centaur warrior (D:7)
  A two-headed ogre (D:10)
  A queen ant (Lair:2)
  An orb spider (Lair:2)
  An oklob plant (Lair:2)
  2 black mambas
  Joseph (D:7)
  A centaur skeleton (D:7)
  2 gargoyles
  5 cane toads
  A kobold demonologist (D:10)
  A rime drake (Lair:2)
  An efreet (D:9)
  3 trolls
  A meliai zombie (D:7)
  6 blink frogs (Lair:2)
  7 hippogriffs
  4 slime creatures (D:10)
  2 wyverns (D:10)
  25 yaks
  A hungry ghost (D:7)
  5 crocodiles
  9 soldier ants
  3 water moccasins
  4 porcupines
  Duvessa (D:4)
  4 black bears
  2 ice beasts (D:7)
  6 orc warriors
  A phantom (D:6)
  2 sky beasts (D:7)
  13 ogres
  4 wolves (Lair:1)
  A centaur (D:6)
  5 big kobolds
  9 bullfrogs
  Blork the orc (D:4)
  3 gnoll sergeants (D:10)
  3 scorpions
  Dowan (D:4)
  6 killer bees
  9 wights
  5 crimson imps
  A jelly (D:7)
  A howler monkey (D:10)
  2 centaur zombies
  3 quasits
  4 orc priests
  A bullfrog skeleton (D:5)
  4 hounds
  2 iguanas (D:4)
  Ijyb (D:4)
  11 orc wizards
  25 worker ants
  2 hound skeletons
  A worker ant zombie (D:8)
  13 adders
  3 shadow imps
  14 oozes
  An adder zombie (D:8)
  An adder skeleton (D:7)
  3 worms
  2 dart slugs (D:2)
  6 leopard geckos
  31 orcs
  9 giant cockroaches
  4 goblins
  7 hobgoblins
  8 jackals
  19 kobolds
  4 quokkas
  10 ball pythons
  8 bats
  20 frilled lizards
  A jackal skeleton (D:4)
  5 rats
396 creatures vanquished.

Vanquished Creatures (others)
  17 fungi
  10 plants (D:7)
27 creatures vanquished.

Grand Total: 423 creatures vanquished

Notes
Turn   | Place    | Note
-------+----------+-------------------------------------------
     0 | D:1      | Morbidden the Djinni Air Elementalist began the quest for
                  | the Orb.
     0 | D:1      | Reached XP level 1. HP: 14/14 MP: 4/4
   265 | D:1      | Reached XP level 2. HP: 20/20 MP: 3/6
   829 | D:1      | Reached XP level 3. HP: 27/27 MP: 7/7
  1164 | D:1      | Learned a level 3 spell: Static Discharge
  1167 | D:1      | Learned a level 2 spell: Swiftness
  1386 | D:2      | Found a white marble altar of Elyvilon.
  1426 | D:2      | Gained mutation: Your spells are harder to cast, but more
                  | powerful. [Djinni growth]
  1426 | D:2      | Gained mutation: You can translocate small distances at
                  | will. [Djinni growth]
  1426 | D:2      | Reached XP level 4. HP: 34/34 MP: 9/9
  1934 | D:2      | Reached skill level 4 in Spellcasting
  2021 | D:3      | Reached skill level 1 in Fighting
  2029 | D:3      | Reached XP level 5. HP: 40/40 MP: 11/11
  2150 | D:3      | Reached skill level 5 in Air Magic
  2341 | D:3      | Found a shattered altar of Ashenzari.
  2356 | D:3      | Reached skill level 5 in Spellcasting
  2372 | D:3      | Reached XP level 6. HP: 48/48 MP: 13/13
  2926 | D:4      | Got a scorched hunting sling
  3005 | D:4      | Identified the cursed +0 hunting sling "Fuseci" {venom,
                  | MP+9} (You found it on level 4 of the Dungeon)
  3301 | D:4      | Found a faded altar of an unknown god.
  3301 | D:4      | Found an opulent altar of Gozag.
  3306 | D:4      | Found a faded altar of an unknown god.
  3311 | D:4      | Found a shimmering altar of Xom.
  3313 | D:4      | Found a snail-covered altar of Cheibriados.
  3413 | D:4      | Became a worshipper of Cheibriados the Contemplative
  3465 | D:4      | Noticed Ijyb
  3473 | D:4      | Killed Ijyb
  3532 | D:4      | Noticed Blork the orc
  3539 | D:4      | Killed Blork the orc
  3587 | D:4      | Reached skill level 6 in Spellcasting
  3587 | D:4      | Reached XP level 7. HP: 56/56 MP: 16/16
  3922 | D:4      | Noticed Duvessa
  3922 | D:4      | Noticed Dowan
  3929 | D:4      | Killed Dowan
  3930 | D:4      | Reached skill level 1 in Slings
  3931 | D:4      | Killed Duvessa
  3932 | D:4      | Reached skill level 7 in Spellcasting
  4111 | D:5      | Entered Level 5 of the Dungeon
  4199 | D:5      | Found a staircase to the Ecumenical Temple.
  4226 | D:5      | Gained mutation: Your spells are much harder to cast, but
                  | much more powerful. [Djinni growth]
  4226 | D:5      | Reached XP level 8. HP: 58/63 MP: 18/18
  4272 | D:5      | Reached * piety under Cheibriados
  4372 | D:5      | Found a corrupted altar of Lugonu.
  4425 | D:5      | Found a burning altar of Makhleb.
  4609 | Temple   | Entered the Ecumenical Temple
  4753 | D:6      | Reached skill level 8 in Spellcasting
  4757 | D:6      | Reached skill level 5 in Conjurations
  4764 | D:6      | Reached skill level 1 in Armour
  4818 | D:6      | Found a glowing drain.
  4909 | Sewer    | Entered a sewer
  4953 | Sewer    | Reached ** piety under Cheibriados
  5173 | Sewer    | Reached *** piety under Cheibriados
  5198 | Sewer    | Reached XP level 9. HP: 61/71 MP: 21/21
  5288 | D:6      | Got an ichor-stained long sword
  5374 | D:6      | Found a transporter.
  5374 | D:6      | Noticed harry2680's ghost (novice OpIE)
  5393 | D:6      | Found a transporter.
  5453 | D:6      | Reached skill level 9 in Spellcasting
  5733 | D:6      | Learned a level 4 spell: Airstrike
  5787 | D:7      | Noticed a centaur warrior
  5795 | D:7      | HP: 1/71 [centaur warrior/arrow (17)]
  5796 | D:7      | Killed a centaur warrior
  5797 | D:7      | Reached skill level 10 in Spellcasting
  5868 | D:7      | Noticed Joseph
  5884 | D:7      | Reached **** piety under Cheibriados
  5922 | D:7      | Gained mutation: You are partially covered in thin metallic
                  | scales. (AC +2) [potion of mutation]
  5922 | D:7      | Gained mutation: Your mind is acute. (Int +2) [potion of
                  | mutation]
  5922 | D:7      | Gained mutation: You have a pair of small antennae on your
                  | head. [potion of mutation]
  5937 | D:7      | Killed Joseph
  5938 | D:7      | Reached skill level 5 in Dodging
  5938 | D:7      | Reached XP level 10. HP: 14/80 MP: 6/24
  6157 | D:7      | Reached skill level 5 in Fighting
  6157 | D:7      | Reached skill level 11 in Spellcasting
  6275 | D:7      | Reached ***** piety under Cheibriados
  6404 | D:7      | Found an iron altar of Okawaru.
  6404 | D:7      | Found a bloodstained altar of Trog.
  6563 | D:7      | Found a staircase to the Lair.
  6635 | D:7      | Found Zuweer Olag's Book Emporium.
  6761 | D:8      | Reached skill level 12 in Spellcasting
  6777 | D:8      | Reached skill level 10 in Air Magic
  7107 | D:7      | Found a blossoming altar of Fedhas.
  7107 | D:7      | Found an ornate altar of the Wu Jian Council.
  7196 | D:8      | Noticed a gargoyle
  7200 | D:8      | Killed a gargoyle
  7237 | D:8      | Found a bloodstained altar of Trog.
  7303 | D:8      | Reached XP level 11. HP: 82/89 MP: 27/27
  7376 | D:8      | Found a radiant altar of Vehumet.
  7710 | D:9      | Learned a level 5 spell: Lightning Bolt
  7825 | D:9      | Reached skill level 13 in Spellcasting
  7829 | D:9      | Identified the cursed +0 long sword "Ytyur" {freeze, Int+4}
                  | (You found it on level 6 of the Dungeon)
  8294 | D:10     | Entered Level 10 of the Dungeon
  8304 | D:10     | Noticed a two-headed ogre
  8308 | D:10     | Killed a two-headed ogre
  8381 | D:10     | Reached skill level 1 in Invocations
  8435 | D:10     | Found a staircase to the Orcish Mines.
  8454 | D:10     | Reached ****** piety under Cheibriados
  8741 | D:10     | Reached skill level 14 in Spellcasting
  8865 | D:10     | Noticed Gastronok
  8882 | D:10     | Killed Gastronok
  8883 | D:10     | Gained mutation: Your casting is slightly disrupted.
                  | [Djinni growth]
  8883 | D:10     | Gained mutation: Your flesh is heat resistant. (rF+)
                  | [Djinni growth]
  8883 | D:10     | Gained mutation: You have an increased reservoir of magic.
                  | (+10% MP) [Djinni growth]
  8883 | D:10     | Gained mutation: You have a considerably increased
                  | reservoir of magic. (+20% MP) [Djinni growth]
  8883 | D:10     | Reached XP level 12. HP: 70/97 MP: 14/36
  9501 | Lair:1   | Entered Level 1 of the Lair of Beasts
  9698 | Lair:1   | Noticed a seven-headed hydra
  9702 | Lair:1   | Killed a seven-headed hydra
  9703 | Lair:1   | Reached skill level 15 in Spellcasting
 10600 | Lair:2   | Noticed a queen ant
 10601 | Lair:2   | Noticed Harold
 10617 | Lair:2   | Killed Harold
 10630 | Lair:2   | Killed a queen ant
 11027 | Lair:2   | Reached XP level 13. HP: 105/105 MP: 39/39
 11101 | Lair:2   | Reached skill level 16 in Spellcasting
 11108 | Lair:2   | Found a hole to the Spider Nest.
 11725 | Lair:3   | Found a staircase to the Swamp.
 11739 | Lair:3   | HP: 1/107 [yak (5)]
 11739 | Lair:3   | Slain by a hippogriff

Skill      XL: |  1  2  3  4  5  6  7  8  9 10 11 12 13 |
---------------+----------------------------------------+-----
Air Magic      | 4 5 6 7 8 10 12 13 | 13.6
Conjurations   | 2 3 4 5 6 7 8 |  8.6
Spellcasting   | 4 5 6 7 8 10 12 14 15 16 | 16.1
Fighting       | 1 2 3 4 5 6 7 |  7.6
Dodging        | 3 4 5 6 7 |  7.1
Slings         | 1 2 3 4 |  4.9
Armour         | 1 2 |  2.9
Stealth        | 2 |  2.0
Invocations    | 2 3 4 |  4.0
Shields        | |  0.8
Evocations     | |  0.7

Action                   |  1- 3 |  4- 6 |  7- 9 | 10-12 | 13-15 || total
-------------------------+-------+-------+-------+-------+-------++-------
 Fire: Hunting sling     |       |    10 |   128 |   192 |     8 ||   338
 Cast: Shock             |    74 |   106 |   103 |     1 |       ||   284
       Static Discharge  |       |     5 |    38 |     4 |     6 ||    53
       Airstrike         |       |       |    25 |   260 |    22 ||   307
       Lightning Bolt    |       |       |       |     2 |       ||     2
Invok: Slouch            |       |       |       |     3 |       ||     3
 Abil: Evoke Fog         |       |       |     2 |       |       ||     2
       Blink             |       |       |       |     2 |       ||     2
Evoke: Wand              |       |       |     5 |     2 |       ||     7
  Use: Scroll            |     2 |     6 |     1 |     9 |     1 ||    19
       Potion            |       |       |     5 |     2 |       ||     7
  Eat: Chunk             |     2 |     9 |     6 |    17 |     1 ||    35
       Ration            |       |       |     1 |       |       ||     1
Armor: Robe              |     3 |     1 |     8 |       |       ||    12
       Ring mail         |       |       |    33 |    79 |    13 ||   125
       Skin              |       |       |    38 |       |       ||    38
Dodge: Dodged            |     7 |     6 |   101 |   183 |    23 ||   320
Block: Medium shield     |       |       |       |     2 |    18 ||    20
